 Dungeon Sprint DCSS version 0.17-a0-1582-ge6b0260 (webtiles) character file.

54 nuthulu the Blocker (level 8, -10/59 HPs)
             Began as a Gargoyle Fighter on July 27, 2015.
             Was a Priest of Trog.
             Mangled by a merfolk
             ... wielding a +0 trident
              (12 damage)
             ... in the Dungeon (Sprint VI: "Thunderdome").
             The game lasted 00:02:10 (372 turns).

nuthulu the Blocker (Gargoyle Fighter)               Turns: 372, Time: 00:02:10

Health: -10/59     AC: 14    Str: 26    XL:     8   Next: 66%
Magic:  8/8        EV: 10    Int:  8    God:    Trog [***...]
Gold:   67         SH: 13    Dex: 11    Spells: 0 memorised, 7 levels left

rFire  . . .     SeeInvis .     q - +0 whip (elec)
rCold  + . .     Clarity  .     b - +0 scale mail
rNeg   + . .     SustAt   .     c - +0 shield
rPois  ∞         Gourm    .     (no helmet)
rElec  +         Spirit   .     (no cloak)
rCorr  .         Warding  .     (no gloves)
rMut   .         NoTele   +     (no boots)
MR     .....                    (no amulet)
Stlth  +.........               (no ring)
                                p - ring "Yhaetaod" {rPois rC+ Stlth+}

@: mighty, exhausted, very slightly contaminated, hasted and slowed, not
resistant to hostile enchantments, very unstealthy
A: negative energy resistance 1, electricity resistance, unbreathing,
petrification resistance, rot immunity, AC +5
a: Burn Spellbooks, Berserk, Trog's Hand, Renounce Religion


You were in the Dungeon.
You worshipped Trog.
Trog was most pleased with you.
You were not hungry.

You visited 1 branch You collected 280 gold pieces.
You spent 213 gold pieces at shops.

Inventory:

Hand weapons
 a - a +0 flail
 q - a +0 whip of electrocution (weapon)
Armour
 b - a +0 scale mail (worn)
 c - a +0 shield (worn)
Jewellery
 p - the ring "Yhaetaod" (left hand) {rPois rC+ Stlth+}
   (You bought it in a shop in the Dungeon)

   [ring of poison resistance]

   It protects you from cold.
   It protects you from poison.
   It makes you more stealthy.
Magical devices
 l - a wand of cold (5)
 m - a wand of fire (5)
Scrolls
 k - 4 scrolls of blinking
 n - 3 scrolls of fog
Potions
 d - 4 potions of might
 f - a potion of curing
 g - 2 potions of heal wounds
 h - 3 potions of haste
 i - 2 potions of magic
 j - a potion of berserk rage
 o - a potion of resistance
Comestibles
 e - a bread ration


   Skills:
 + Level 10.7 Fighting
 + Level 8.9 Maces & Flails
 + Level 10.8 Armour
 - Level 2.0 Dodging
 + Level 11.0 Shields


You had 7 spell levels left.
You didn't know any spells.

Dungeon Overview and Level Annotations

Branches:
Dungeon (1/1)

Altars:
Cheibriados
Dithmenos
Fedhas
Gozag
Kikubaaqudgha
Makhleb
Okawaru
Qazlal
Ru
Sif Muna
Trog
Vehumet
Xom
Yredelemnul
Zin
The Shining One
Jiyva
Lugonu

Shops:
D *[%??*?*:[((!!!!


Innate Abilities, Weirdness & Mutations

You are resistant to torment.
Your stone body is resilient (AC +5).
You are immune to poison.
You resist negative energy.
You are resistant to electric shocks.
You can survive without breathing.
You are immune to petrification.
You are immune to rotting.


Message History

The merfolk hits you with a trident!
* * * LOW HITPOINT WARNING * * *
You are very lightly contaminated with residual magic.
You whack the merfolk!
The merfolk is lightly wounded.
You whack the merfolk!
The merfolk is moderately wounded.
The merfolk completely misses you. The merfolk hits you with a trident!
* * * LOW HITPOINT WARNING * * *
You barely miss the merfolk.
The merfolk is moderately wounded.
You block the merfolk's attack.
You barely miss the merfolk.
The merfolk is moderately wounded. 20...
The merfolk barely misses you.
Your shield and scale mail prevent you from hitting the merfolk.
The merfolk is moderately wounded.
You block the merfolk's attack. The merfolk hits you with a trident!
You die...

###∩........8.# #.8...)....∩
##.............###...........
#⌠..........###...###........
#⌠..........# #.<.# #........
#⌠..........###...###........
##.............###...........
###∩........8.# #.8........∩
##∩.__..mm..###......___∩#
######.8@).......8.######
#⌠.))........⌠#
###.((......### #..(..(.._#
#_......._# #........_#
#∩.......∩# ##∩.....∩##
##.....##


You could see 2 merfolk.

Vanquished Creatures
  Pikel (D)
  A siren (D)
  A merfolk (D)
  A necrophage (D)
  A phantom (D)
  2 centaurs (D)
  Ijyb (D)
  An adder zombie (D)
  An adder skeleton (D)
  A bat skeleton (D)
  A goblin (D)
  3 hobgoblins (D)
15 creatures vanquished.

Notes
Turn   | Place    | Note
--------------------------------------------------------------
     0 | D        | nuthulu the Gargoyle Fighter began the quest for the Orb.
     0 | D        | Reached XP level 1. HP: 14/14 MP: 1/1
     1 | D        | Found an ancient bone altar of Kikubaaqudgha.
     1 | D        | Found a shimmering altar of Xom.
     2 | D        | Found a snail-covered altar of Cheibriados.
     2 | D        | Found a deep blue altar of Sif Muna.
     3 | D        | Found a shadowy altar of Dithmenos.
     3 | D        | Found an opulent altar of Gozag.
     4 | D        | Found Jeusaorgh's Do-It-Yourself Clinic.
     4 | D        | Found a stormy altar of Qazlal.
     4 | D        | Found Yblim's Distillery.
     5 | D        | Found Buygoboz's Bottled Wisdom.
     5 | D        | Found Bidwar's Distillery.
     5 | D        | Found a radiant altar of Vehumet.
     5 | D        | Round 1.
    19 | D        | Bought 6 potions of might for 168 gold pieces
    32 | D        | Found Anull's Weapon Rack.
    33 | D        | Found Urchunyor's Basic Armour.
    33 | D        | Found Fuoczida's Miscellaneous Merchandise.
    34 | D        | Found a glowing silver altar of Zin.
    34 | D        | Found Bewadus's Premium Goods.
    38 | D        | Found a corrupted altar of Lugonu.
    39 | D        | Found a burning altar of Makhleb.
    44 | D        | Found Xop Emmo's Identification Station.
    45 | D        | Found Zaluw's Advanced Armour.
    45 | D        | Found Onnuir's Jewellery.
    46 | D        | Found a blossoming altar of Fedhas.
    46 | D        | Found a sacrificial altar of Ru.
    46 | D        | Found Giniunia's Bee Food.
    48 | D        | Noticed a phantom
    50 | D        | Found a bloodstained altar of Trog.
    51 | D        | Found a glowing golden altar of the Shining One.
    52 | D        | Found a viscous altar of Jiyva.
    53 | D        | Found a basalt altar of Yredelemnul.
    53 | D        | Found an iron altar of Okawaru.
    53 | D        | Found Jingekie's Magic Scroll Shop.
    53 | D        | Found Ylun's Staff Store.
    54 | D        | Found Guily's Magic Scroll Shop.
    54 | D        | Found Fyaruin's Must-Have Magic.
    59 | D        | Became a worshipper of Trog the Wrathful
    73 | D        | Reached skill level 4 in Armour
    73 | D        | Reached XP level 2. HP: 8/20 MP: 2/2
    82 | D        | Killed a phantom
    82 | D        | Reached skill level 5 in Fighting
    82 | D        | Reached skill level 5 in Armour
    82 | D        | Reached skill level 6 in Shields
    82 | D        | Reached XP level 3. HP: 9/26 MP: 3/3
    82 | D        | Reached XP level 4. HP: 10/31 MP: 4/4
   101 | D        | Noticed a necrophage
   107 | D        | Killed a necrophage
   107 | D        | Arena points: 12 (+12) [x2]
   107 | D        | Reached skill level 7 in Shields
   107 | D        | Reached XP level 5. HP: 15/37 MP: 5/5
   121 | D        | Bought a slimy bronze ring for 45 gold pieces
   121 | D        | Identified the ring "Yhaetaod" {rPois rC+ Stlth+} (You bought it in a shop in the Dungeon)
   155 | D        | Round 2.
   166 | D        | Noticed Ijyb
   185 | D        | Killed Ijyb
   212 | D        | Acquired Trog's first power
   249 | D        | Noticed Pikel
   255 | D        | Killed Pikel
   255 | D        | Acquired Trog's second power
   255 | D        | Arena points: 54 (+42) [x3]
   255 | D        | Reached skill level 9 in Fighting
   255 | D        | Reached XP level 6. HP: 26/47 MP: 6/6
   255 | D        | Reached XP level 7. HP: 28/51 MP: 7/7
   328 | D        | Round 3.
   328 | D        | Noticed a merfolk
   339 | D        | Noticed a siren
   342 | D        | Killed a merfolk
   342 | D        | Reached skill level 10 in Armour
   342 | D        | Reached skill level 10 in Shields
   342 | D        | Reached XP level 8. HP: 57/57 MP: 8/8
   345 | D        | Noticed a merfolk
   345 | D        | Reached skill level 10 in Fighting
   349 | D        | Noticed a merfolk
   360 | D        | Killed a siren
   360 | D        | Reached skill level 11 in Shields
   365 | D        | HP: 2/59 [merfolk/trident (6)]
   372 | D        | Mangled by a merfolk

Vault maps used:
D:        arena_sprint

Action                   |  1- 3 |  4- 6 |  7- 9 || total
-------------------------+-------+-------+-------++-------
Melee: Flail             |    20 |    32 |       ||    52
       Whip              |       |       |    33 ||    33
Invok: Berserk           |       |       |     1 ||     1
  Use: Potion            |     1 |     1 |     4 ||     6
